 Dungeon Crawl Stone Soup version 0.29-a0-512-gf59ac788ac (webtiles) character file.

Game seed: 4406109133290366719

65 zazu2006 the Magician (level 4, -11/37 HPs)
             Began as a Naga Hedge Wizard on May 29, 2022.
             Engulfed by a cloud of flame (21 damage)
             ... on level 3 of the Dungeon.
             The game lasted 00:03:36 (2627 turns).

zazu2006 the Magician (Naga Hedge Wizard)           Turns: 2627, Time: 00:03:36

Health: -11/37     AC:  3    Str: 12    XL:     4   Next: 14%
Magic:  9/9        EV:  9    Int: 16    God:
Gold:   164        SH:  0    Dex: 11    Spells: 1/10 levels left

rFire   . . .      SeeInvis +   g - +2 spear (venom)
rCold   + . .      Faith    .   (no shield)
rNeg    . . .      Spirit   .   f - +0 leather armour {rC+}
rPois   +          Reflect  .   o - +0 helmet
rElec   .          Harm     .   (no cloak)
rCorr   .          Rampage  .   (no gloves)
Will    .....                   (no barding)
Stlth   ++........              (no amulet)
HPRegen 0.12/turn               (no ring)
MPRegen 0.11/turn               (no ring)

@: very slow
A: AC +1, large, see invisible, deformed body, poison resistance, slowness 2,
spit poison 1, naga tail 1
a: Spit Poison


You were on level 3 of the Dungeon.
You visited 1 branch of the dungeon, and saw 3 of its levels.

You collected 164 gold pieces.

Inventory:

Hand Weapons
 a - a +0 dagger
 g - a +2 spear of venom (weapon)
Armour
 f - a +0 leather armour of cold resistance (worn)
 o - a +0 helmet (worn)
Scrolls
 c - a scroll of noise {unknown}
 e - 2 scrolls of silence {unknown}
 i - 2 scrolls of identify {unknown}
 j - 4 scrolls of teleportation {unknown}
 l - a scroll of magic mapping {unknown}
 n - 2 scrolls of fear {unknown}
 q - a scroll of enchant armour {unknown}
 t - a scroll of immolation {unknown}
Potions
 b - 2 potions of brilliance {unknown}
 d - 2 potions of magic
 h - a potion of flight {unknown}
 k - 3 potions of curing {unknown}
 m - a potion of berserk rage {unknown}
 p - a potion of attraction {unknown}
 r - a potion of resistance {unknown}
 s - a potion of degeneration {unknown}


   Skills:
 + Level 0.9 Fighting
 + Level 0.9 Armour
 + Level 1.8 Dodging
 + Level 3.0 Stealth
 + Level 3.9 Spellcasting
 + Level 1.5 Conjurations
 + Level 1.0 Summonings
 + Level 1.0 Translocations


You had one spell level left.
You knew the following spells:

 Your Spells              Type           Power      Damage    Failure   Level
a - Magic Dart            Conj           28%        1d4       12%         1
b - Mephitic Cloud        Conj/Pois/Air  4%         N/A       47%         3
c - Conjure Flame         Conj/Fire      5%         6-21      43%         3
d - Blink                 Tloc           12%        N/A       22%         2

Your spell library contained the following spells:

 Spells                   Type           Power      Damage    Failure   Level
 Slow                     Hex            12%        N/A       22%         1
 Call Imp                 Summ           6%         N/A       22%         2
 Tukima's Dance           Hex            3%         N/A       54%         3
 Passage of Golubria      Tloc           6%         N/A       80%         4
 Yara's Violent Unravell  Hex/Tmut       1%         3d3       99%         5


Dungeon Overview and Level Annotations

Branches:
Dungeon (3/15)

Altars:
Nemelex Xobeh
Ru


Innate Abilities, Weirdness & Mutations

Your serpentine skin is tough. (AC +1)
You have supernaturally acute eyesight. (SInv)
Armour fits poorly on your strangely shaped body.
Your system is resistant to poisons. (rPois)
You cover ground very slowly.
You can spit poison.
You have a snake-like lower body.


Message History

Found a hand axe.
You see here a +0 hand axe.
There is an open door here.
b - 2 green potions (gained 1)
A dart slug comes into view.
A dart slug is nearby!
Casting: Magic Dart (safe; 12% risk of failure)
Confirm with . or Enter, or press ? or * to list all spells.
Aiming: Magic Dart (safe; 12% risk of failure)
Press: ? - help, Shift-Dir - straight line, f - dart slug
Aim: a dart slug (asleep, 100% to hit)
The magic dart hits the dart slug but does no damage.
Casting: Magic Dart (safe; 12% risk of failure)
Confirm with . or Enter, or press ? or * to list all spells.
Aiming: Magic Dart (safe; 12% risk of failure)
Press: ? - help, Shift-Dir - straight line, f/p - dart slug
Aim: a dart slug (100% to hit)
The magic dart hits the dart slug.
The dart slug is moderately wounded.
The dart slug launches a dart at you. The slug dart misses you.
The dart slug launches a dart at you.
The slug dart hits you but does no damage.
You hit the dart slug but do no damage.
The dart slug is poisoned.
The dart slug is moderately wounded.
The dart slug bites you.
You hit the dart slug.
The dart slug looks as sick as possible!
The dart slug is almost dead.
You kill the dart slug!
You see here a dart slug corpse.
You open the door.
There is an open door here.
Really slither into a travel-excluded area?
You are engulfed in blazing flames.
Ouch! That really hurt!
* * * LOW HITPOINT WARNING * * *
You are engulfed in blazing flames.
Ouch! That really hurt!
You die...

#.## #.........#
#..# #.###'#...#
##.# #...#####.##
#.# #§..# #.# #.#
#§☼.# #.# #.#
#.§.# #.# #.#
##...#####.#
#....§.!...§§§..#
#..§☼§.(...§@☼..#
##.○☼......§☼○..#
#####...#####.#
#§☼ #... #§ #.#.#
# ###.# #


There were no monsters in sight!

Vanquished Creatures
  An adder (D:2)
  2 worms (D:2)
  2 dart slugs (D:3)
  An orc (D:3)
  7 ball pythons
  A bat (D:2)
  2 endoplasms
  A giant cockroach (D:1)
  3 goblins
  6 hobgoblins
  4 jackals (D:2)
  3 quokkas
  3 frilled lizards
  2 kobolds
  3 rats
41 creatures vanquished.

Notes
Turn   | Place    | Note
-------+----------+-------------------------------------------
     0 | D:1      | zazu2006 the Naga Hedge Wizard began the quest for the Orb.
     0 | D:1      | Reached XP level 1. HP: 15/15 MP: 4/4
   152 | D:1      | Reached XP level 2. HP: 16/22 MP: 6/6
   878 | D:2      | Found a sparkling altar of Nemelex Xobeh.
   949 | D:2      | Reached XP level 3. HP: 5/30 MP: 6/8
  1207 | D:2      | Found a faded altar of an unknown god.
  1219 | D:2      | Identified the +1 plate armour "Tomourph" {Will+ Int+4
                  | Dex+4}
  2168 | D:3      | Reached XP level 4. HP: 37/37 MP: 4/9
  2376 | D:3      | Learned a level 3 spell: Mephitic Cloud
  2380 | D:3      | Learned a level 3 spell: Conjure Flame
  2383 | D:3      | Learned a level 2 spell: Blink
  2445 | D:3      | Found a sacrificial altar of Ru.
  2627 | D:3      | Engulfed by a cloud of flame

Illustrated notes

Levels and vault maps discovered:
D:1:      dpeg_arrival_water_temple_mockup, layout_basic
D:2:      layout_basic, basic_altar, ebering_ecumenical_altar_box
D:3:      layout_basic, nicolae_ru_path_of_blood, lemuel_flame_loot_1

Action                   |  1- 3 |  4- 6 || total
-------------------------+-------+-------++-------
Melee: Spear             |    75 |     5 ||    80
 Cast: Magic Dart        |    53 |     6 ||    59
 Abil: Spit Poison       |     1 |     1 ||     2
Armor: Leather armour    |    16 |     2 ||    18
Dodge: Dodged            |    36 |     2 ||    38

Table legend: (Time is in decaauts)
 A = Elapsed time spent in this place.
 B = Non-inter-level travel time spent in this place.
 C = Inter-level travel time spent in this place.
 D = Time resting spent in this place.
 E = Time spent auto-exploring this place.
 F = Levels seen in this place.
 G = Mean time per level.
                   A        B        C        D        E       F      G
               +--------+--------+--------+--------+--------+-----+--------+
         Total |   3135 |   3071 |     64 |      0 |   2678 |   3 | 1045.0 |
       Dungeon |   3135 |   3071 |     64 |      0 |   2678 |   3 | 1045.0 |
               +--------+--------+--------+--------+--------+-----+--------+

Top non-repeatable levels by time:
     D:2: 1289 daAuts
     D:1: 1039 daAuts
     D:3: 806 daAuts
